 Dungeon Crawl Stone Soup version 0.24-b1 (webtiles) character file.

Game seed: 5961244138843590030, levelgen mode: deterministic

1083 Conn the Sneak (level 8, -6/51 HPs)
             Began as an Octopode Fire Elementalist on Oct 12, 2019.
             Mangled by a gnoll
             ... wielding a +0 flail
              (11 damage)
             ... on level 6 of the Dungeon.
             The game lasted 00:14:35 (5742 turns).

Conn the Sneak (Octopode Fire Elementalist)         Turns: 5742, Time: 00:14:40

Health: -6/51      AC:  1    Str:  7    XL:     8   Next: 30%
Magic:  13/13      EV: 14    Int: 20    God:
Gold:   513        SH:  0    Dex: 12    Spells: 0/14 levels left

rFire    . . .     SeeInvis .   o - +2 hand axe (elec)
rCold    . . .     Gourm    .   (no shield)
rNeg     . . .     Faith    .   (helmet restricted)
rPois    .         Spirit   .   (no amulet)
rElec    .         Reflect  .   (no ring)
rCorr    .         Harm     .   (no ring)
MR       .....                  (no ring)
Stlth    ++++......             (no ring)
HPRegen  0.17/turn              (no ring)
MPRegen  0.13/turn              (no ring)
                                (no ring)
                                (no ring)

@: lethally poisoned (-6 -> -8), very slightly contaminated, invisible
A: almost no armour, stealthy swim, amphibious, 8 rings, constrict 8, camouflage
1, gelatinous body 1
a: no special abilities


You were on level 6 of the Dungeon.
You were not hungry.

You visited 2 branches of the dungeon, and saw 7 of its levels.
You also visited: Ossuary.

You collected 513 gold pieces.

Inventory:

Hand Weapons
 c - a +0 short sword
 h - a +0 dagger
 o - a +2 hand axe of electrocution (weapon)
Missiles
 d - 22 poisoned darts (quivered)
Magical Staves
 i - an uncursed staff of death
Jewellery
 g - an uncursed ring of teleportation
 v - an uncursed ring of ice
Scrolls
 a - 4 scrolls of identify
 j - 4 scrolls of teleportation
 l - 2 scrolls of remove curse
 m - a scroll of fog
 n - a scroll of random uselessness
Potions
 f - 2 potions of lignification
 k - 5 potions of agility
 p - 3 potions of curing
 q - 2 potions of brilliance {unknown}
 r - a potion of haste {unknown}
 s - a potion of magic {unknown}
 u - a potion of degeneration {unknown}
 w - a potion of ambrosia {unknown}
 x - a potion of might {unknown}
Comestibles
 b - 13 rations
 t - 9 chunks of flesh


   Skills:
 + Level 2.4 Fighting
 + Level 2.1 Short Blades
 + Level 3.7 Axes
 + Level 3.8 Dodging
 - Level 5.3 Stealth
 * Level 3.7 Spellcasting
 * Level 3.3 Conjurations
 * Level 0.2 Hexes
 + Level 4.6 Fire Magic


You couldn't memorise any spells.
You knew the following spells:

 Your Spells              Type           Power        Failure   Level  Hunger
a - Flame Tongue          Conj/Fire      ###..        2%          1    None
b - Conjure Flame         Conj/Fire      ###.....     8%          3    ###....
c - Inner Flame           Hex/Fire       ##......     14%         3    ###....
d - Sticky Flame          Conj/Fire      ###.....     26%         4    ####...
e - Confuse               Hex            #.......     34%         3    ###....

Your spell library contained the following spells:

 Spells                   Type           Power        Failure   Level  Hunger
 Throw Flame              Conj/Fire      ###...       3%          2    ##.....
 Confusing Touch          Hex            #.....       12%         1    None
 Gell's Gravitas          Tloc           #.........   36%         3    ###....
 Fireball                 Conj/Fire      ###.......   56%         5    ######.
 Petrify                  Tmut/Erth      #.......     78%         4    ####...
 Metabolic Englaciation   Hex/Ice        #.........   98%         5    ######.
 Yara's Violent Unravell  Hex/Tmut       #.........   98%         5    ######.


Dungeon Overview and Level Annotations

Branches:
Dungeon (6/15)             Temple (1/1) D:5         Ossuary (visited)

Altars:
Ashenzari
Cheibriados
Dithmenos
Fedhas
Kikubaaqudgha
Makhleb
Nemelex Xobeh
Okawaru
Qazlal
Trog
Vehumet
Xom
Yredelemnul
Zin
The Shining One


Innate Abilities, Weirdness & Mutations

You cannot wear most types of armour.
You are very stealthy in the water. (Stealth+)
You are amphibious.
You can wear up to eight rings at the same time.
You can use your tentacles to constrict eight enemies at once.
Your skin changes colour to match your surroundings (Stealth+).
Your rubbery body absorbs attacks. (AC +1, EV +1)


Message History

The gnoll is moderately wounded.
You hit the hound zombie. You barely miss the worker ant. You hit the gnoll.
Lightning courses through the gnoll! You constrict the gnoll.
You constrict the hound zombie.
You feel sick. The hound zombie misses you.
The gnoll misses you. x2; The gnoll closely misses you.
You hit the gnoll.
The worker ant twitches its antennae in your direction.
You squeeze the gnoll.
You kill the gnoll!
You completely miss the gnoll. You hit the hound zombie.
You destroy the hound zombie!
You feel sick. The gnoll closely misses you.
You hit the gnoll but do no damage. Your grab misses the gnoll.
The gnoll is moderately wounded.
You hit the gnoll. Lightning courses through the gnoll!
You kill the gnoll!
The gnoll hits you from afar with a +0 halberd!
* * * LOW HITPOINT WARNING * * *
The gnoll hits you with a +0 flail!
You die...

#######........#
#..............#
##..............#
................#
....a........#### .
.............# ###..
.............#.......
.......).....#........
#...o.@.....#.......##
#...gg)..........^...#
#...........#.....#..#
...................#..##
.................#.#....
.......#....#......#....
.......#...........).###
.......#.......#..##)...
##......#..##....


You could see a worker ant (wandering), an orc priest and 2 gnolls.

Vanquished Creatures
  A phantom (D:4)
  An orc warrior (D:5)
  A centaur (D:5)
  An ogre (D:4)
  Blork the orc (D:5)
  A bullfrog (D:4)
  A crimson imp (D:5)
  A hound (D:5)
  An orc priest (D:3)
  3 orc wizards
  An iguana (D:4)
  3 worker ants
  A hound zombie (D:6)
  8 mummies (Ossuary)
  A worker ant zombie (D:5)
  2 gnolls (D:6)
  6 adders
  A shadow imp (D:3)
  An ooze (D:2)
  An adder zombie (D:5)
  2 worms
  3 dart slugs
  2 leopard geckos
  13 orcs
  5 giant cockroaches
  2 gnoll zombies (Ossuary)
  5 goblins
  7 hobgoblins
  6 jackals
  3 quokkas
  2 ball pythons
  7 bats
  7 frilled lizards
  4 hobgoblin zombies (Ossuary)
  A jackal skeleton (D:4)
  7 kobolds
  A kobold zombie (Ossuary)
  An orc zombie (Ossuary)
  8 rats
123 creatures vanquished.

Notes
Turn   | Place    | Note
-------+----------+-------------------------------------------
     0 | D:1      | Conn the Octopode Fire Elementalist began the quest for the
                  | Orb.
     0 | D:1      | Reached XP level 1. HP: 11/11 MP: 3/3
   290 | D:2      | Reached XP level 2. HP: 17/17 MP: 1/5
   541 | D:2      | Reached XP level 3. HP: 21/21 MP: 3/6
   578 | D:2      | Reached skill level 3 in Stealth
   978 | D:2      | Reached XP level 4. HP: 22/27 MP: 3/7
  1569 | D:2      | Noticed an air elemental
  1571 | D:2      | Found a stormy altar of Qazlal.
  1572 | D:2      | Noticed a water elemental
  1572 | D:2      | Noticed a fire elemental
  1572 | D:2      | Noticed an earth elemental
  1760 | D:2      | Reached skill level 4 in Stealth
  2493 | D:3      | Reached XP level 5. HP: 31/31 MP: 6/8
  2579 | D:3      | Learned a level 3 spell: Conjure Flame
  2583 | D:3      | Learned a level 3 spell: Inner Flame
  2728 | D:3      | Reached skill level 1 in Short Blades
  3315 | D:4      | Noticed a phantom
  3343 | D:4      | Reached skill level 5 in Stealth
  3343 | D:4      | Reached XP level 6. HP: 21/37 MP: 5/10
  3414 | D:4      | Killed a phantom
  3414 | D:4      | Reached skill level 1 in Fighting
  3536 | D:4      | Found a sand-covered staircase.
  3543 | Ossuary  | Entered an ossuary
  3559 | Ossuary  | Reached skill level 1 in Axes
  3566 | Ossuary  | Reached XP level 7. HP: 39/43 MP: 11/11
  4507 | D:5      | Entered Level 5 of the Dungeon
  4788 | D:5      | Reached XP level 8. HP: 41/50 MP: 13/13
  4833 | D:5      | Noticed Blork the orc
  4841 | D:5      | Learned a level 4 spell: Sticky Flame
  4852 | D:5      | Killed Blork the orc
  4903 | D:5      | Found a staircase to the Ecumenical Temple.
  4952 | Temple   | Entered the Ecumenical Temple
  5552 | D:5      | Learned a level 3 spell: Confuse
  5742 | D:6      | Mangled by a gnoll

Skill      XL: |  1  2  3  4  5  6  7  8 |
---------------+-------------------------+-----
Stealth        | 3 4 5 |  5.3
Fire Magic     | 4 |  4.6
Short Blades   | 1 2 |  2.1
Conjurations   | 2 3 |  3.3
Fighting       | 1 2 |  2.4
Spellcasting   | 3 |  3.7
Axes           | 1 3 |  3.7
Dodging        | 3 |  3.8
Hexes          | |  0.2

Action                   |  1- 3 |  4- 6 |  7- 9 || total
-------------------------+-------+-------+-------++-------
Melee: Unarmed           |    37 |       |       ||    37
       Constrict         |    15 |    25 |    22 ||    62
       Tentacles         |     8 |    21 |    13 ||    42
       Dagger            |     4 |     7 |       ||    11
       Short sword       |       |    63 |       ||    63
       Hand axe          |       |    36 |    90 ||   126
Throw: Dart              |       |     1 |       ||     1
 Cast: Flame Tongue      |    32 |    50 |    12 ||    94
       Conjure Flame     |       |     1 |     1 ||     2
  Use: Potion            |       |     4 |     3 ||     7
       Scroll            |       |       |    10 ||    10
 Stab: Sleeping          |     4 |    10 |     8 ||    22
       Distracted        |     2 |       |       ||     2
       Invisible         |       |       |     1 ||     1
  Eat: Chunk             |     1 |     8 |     7 ||    16
Armor: Skin              |     5 |    17 |    12 ||    34
Dodge: Dodged            |    45 |    69 |    61 ||   175
